 Dungeon Crawl Stone Soup version 0.31-a0-232-gb1c03b2570 (webtiles) character file.

Game seed: 6200772675848155285

199 qw the Shooter (level 5, 0/45 HPs)
             Began as a Minotaur Hexslinger on July 7, 2023.
             Was an Initiate of Okawaru.
             Slain by Robin
             ... wielding a +0 club
              (1 damage)
             ... on level 4 of the Dungeon.
             The game lasted 00:01:05 (2895 turns).

qw the Shooter (Minotaur Hexslinger)                Turns: 2895, Time: 00:01:05

Health: 0/45       AC: -1    Str: 12    XL:     5   Next: 48%
Magic:  5/5        EV: 11    Int: 10    God:    Okawaru [......]
Gold:   170        SH:  0    Dex: 15    Spells: 5/6 levels left

rFire   + . .        Y - +1 sling (drain)
rCold   . . .        (no shield)
rNeg    . . .        o - +0 ring mail
rPois   +            (helmet restricted)
rElec   .            (no cloak)
rCorr   .            b - +0 pair of gloves
SInv    .            (no boots)
Will    .....        (no amulet)
Stlth   +            h - ring of poison resistance
HPRegen 0.27/turn    f - ring of protection from fire
MPRegen 0.09/turn

%: no passive effects
@: corroded
A: horns 2, retaliatory headbutt
a: Renounce Religion


You were on level 4 of the Dungeon.
You worshipped Okawaru.
Okawaru was noncommittal.
You visited 2 branches of the dungeon, and saw 5 of its levels.

You collected 170 gold pieces.


Innate Abilities, Weirdness & Mutations

You have a pair of horns on your head.
You reflexively headbutt those who attack you in melee.


   Skills:
 - Level 3.0 Fighting
 + Level 5.6 Ranged Weapons
 - Level 1.0 Armour
 - Level 2.1 Dodging
 - Level 1.0 Spellcasting
 - Level 2.0 Hexes


You had 5 spell levels left.
You knew the following spells:

 Your Spells              Type           Power      Damage    Failure   Level
a - Slow                  Hex            16%        N/A       34%         1

Your spell library contained the following spells:

 Spells                   Type           Power      Damage    Failure   Level
 Inner Flame              Hex/Fire       2%         N/A       83%         3
 Portal Projectile        Hex/Tloc       4%         N/A       83%         3
 Cause Fear               Hex            2%         N/A       98%         4

Inventory:

Hand Weapons
 Y - a +1 sling of draining (weapon)
Armour
 b - a +0 pair of gloves (worn)
 k - a +2 ring mail of cold resistance
 o - a +0 ring mail (worn)
Jewellery
 a - a ring of positive energy
 e - a ring of ice
 f - a ring of protection from fire (right hand)
 h - a ring of poison resistance (left hand)
 n - a ring of willpower
 q - a ring of ice
Scrolls
 g - 2 scrolls of identify
Potions
 c - 2 potions of might {unknown}
 d - a potion of curing
 i - a potion of invisibility {unknown}
 j - a potion of enlightenment
 l - a potion of mutation {unknown}
 m - a potion of berserk rage {unknown}
 p - a potion of heal wounds {unknown}

Dungeon Overview and Level Annotations

Branches:
Dungeon (4/15)             Temple (1/1) D:4

Altars:
Ashenzari
Dithmenos
Elyvilon
Fedhas
Gozag
Hepliaklqana
Kikubaaqudgha
Makhleb
Nemelex Xobeh
Okawaru
Ru
Trog
Uskayaw
Vehumet
Wu Jian
Xom
Yredelemnul
The Shining One

Annotations:
D:2 1 runed translucent door, Crazy Yiuf
D:4 Robin


Message History

Robin zaps a wand.
The bolt of acid misses you.
You shoot a sling bullet.
The sling bullet hits Robin but does no damage.
Robin is lightly wounded.
Robin zaps a wand.
The bolt of acid hits you! The acid corrodes you!
The now-empty wand crumbles to dust.
You hear a shout!
You shoot a sling bullet.
The sling bullet hits Robin but does no damage.
Robin is lightly wounded.
An ufetubus comes into view.
Robin throws the goblin at you! The goblin hits you with a +0 dagger.
You shoot a sling bullet.
The sling bullet closely misses the goblin.
The goblin hits you with a +0 dagger. x2
You shoot a sling bullet. The sling bullet hits the goblin.
The goblin is moderately wounded.
A kobold comes into view. It is wielding a +0 whip.
The goblin barely misses you.
You shoot a sling bullet.
The sling bullet closely misses the goblin.
The kobold shouts!
Robin hits you with a +0 club. The goblin barely misses you.
You shoot a sling bullet.
The sling bullet barely misses the goblin.
Robin hits you with a +0 club. The goblin barely misses you.
You shoot a sling bullet. The sling bullet hits the goblin.
You drain the goblin.
You kill the goblin!
Okawaru accepts your kill. Robin closely misses you. You furiously retaliate!
You headbutt Robin, but do no damage. You shoot a sling bullet.
The sling bullet barely misses Robin.
The sling bullet hits the ufetubus but does no damage.
Robin barely misses you. Robin hits you with a +0 club.
You shoot a sling bullet.
The sling bullet hits Robin but does no damage.
Robin is lightly wounded.
Robin hits you with a +0 club.
You die...

#..........#.#.
########...........
#........#..##.....
#...........##...##
#................##
#.....(.###.###....
#####.### #.# ##.##
#)...# #.# ##...
#@#### #.# #...#
#g# ##.###..## #5#
#.........


Ko# #......... .## #......... .. ###......... .. ###........... ...
.............. .............. You could see Robin (very drained), an orc, an
ufetubus and a kobold.

Vanquished Creatures
  A hound (D:4)
  Terence (D:3)
  An iguana (D:4)
  2 adders (D:2)
  4 worms
  3 orcs (D:3)
  4 bats
  9 endoplasms
  2 giant cockroaches (D:1)
  11 goblins
  10 hobgoblins
  7 jackals (D:1)
  4 kobolds
  7 quokkas
  6 ball pythons
  9 rats
81 creatures vanquished.

Notes
Turn   | Place    | Note
-------+----------+-------------------------------------------
     0 | D:1      | qw the Minotaur Hexslinger began the quest for the Orb.
     0 | D:1      | Reached XP level 1. HP: 16/16 MP: 1/1
     0 | D:1      | 0 ||| qw: Version: 0.3-a-46-gb1f654a
     0 | D:1      | 0 ||| qw: Game counter: 2175
     0 | D:1      | 0 ||| qw: Melee chars always use a shield: true
     0 | D:1      | 0 ||| qw: God list: Okawaru
     0 | D:1      | 0 ||| qw: Allow faded altars: false
     0 | D:1      | 0 ||| qw: Do Orc after clearing Dungeon:15 true
     0 | D:1      | 0 ||| qw: Do second Lair branch before Depths: true
     0 | D:1      | 0 ||| qw: Lair rune preference: random
     0 | D:1      | 0 ||| qw: Goals: Normal
     0 | D:1      | 0 ||| PLANNING D:1-11
   119 | D:1      | HP: 2/16 [quokka (4)]
   122 | D:1      | Reached skill level 3 in Ranged Weapons
   122 | D:1      | Reached XP level 2. HP: 2/23 MP: 2/2
   124 | D:1      | HP: 1/23 [constriction (1)]
   235 | D:1      | Found a faded altar of an unknown god.
   393 | D:1      | Reached XP level 3. HP: 13/29 MP: 3/3
   779 | D:1      | 779 ||| UPGRADING to +0 leather armour.
   789 | D:1      | 789 ||| DROPPING +0 robe.
   790 | D:1      | 790 ||| UPGRADING to ring of poison resistance.
   791 | D:1      | 791 ||| READING scroll labelled IDOBIO ZOCKEAGI.
   795 | D:1      | 795 ||| READING scroll labelled WATOCI XIGREPP.
   796 | D:1      | 796 ||| READING 2 scrolls labelled FOOCAM HALYADI.
   797 | D:1      | 797 ||| DRINKING 2 fizzy red potions.
   798 | D:1      | 798 ||| DROPPING scroll of poison.
  1018 | D:2      | Reached skill level 4 in Ranged Weapons
  1196 | D:2      | Reached XP level 4. HP: 36/36 MP: 4/4
  1468 | D:2      | Found a runed translucent door.
  1469 | D:2      | Noticed Crazy Yiuf
  1516 | D:2      | 1516 ||| UPGRADING to +0 pair of gloves.
  1521 | D:2      | 1521 ||| UPGRADING to +0 ring mail.
  1531 | D:2      | 1531 ||| DROPPING +0 leather armour.
  1532 | D:2      | 1532 ||| UPGRADING to ring of positive energy.
  1533 | D:2      | 1533 ||| UPGRADING to ring of protection from fire.
  1535 | D:2      | 1535 ||| READING scroll labelled JISITO MEENE.
  1536 | D:2      | 1536 ||| READING scroll labelled ICAKHL MOOHELL.
  1537 | D:2      | 1537 ||| READING scroll labelled LYUPTO KIUNUADA.
  1682 | D:3      | Reached skill level 1 in Armour
  1833 | D:3      | Noticed Terence
  1842 | D:3      | Killed Terence
  1843 | D:3      | Reached skill level 5 in Ranged Weapons
  2299 | D:3      | 2299 ||| DRINKING 2 bubbling inky potions.
  2350 | D:4      | Reached skill level 3 in Fighting
  2350 | D:4      | Reached XP level 5. HP: 45/45 MP: 5/5
  2367 | D:4      | Found a staircase to the Ecumenical Temple.
  2368 | D:4      | 2368 ||| PLANNING TEMPLE
  2380 | Temple   | Entered the Ecumenical Temple
  2411 | Temple   | 2411 ||| PLANNING OKAWARU WORSHIP
  2500 | Temple   | Became a worshipper of Warmaster Okawaru
  2501 | Temple   | 2501 ||| PLANNING D:1-11
  2539 | D:4      | Noticed Robin
  2549 | D:4      | HP: 11/45 [Robin/goblin (2)]
  2550 | D:4      | 2550 ||| READING scroll of teleportation.
  2889 | D:4      | HP: 10/45 [goblin/+0 dagger[Robin] (4)]
  2892 | D:4      | HP: 3/45 [Robin/+0 club (2)]
  2894 | D:4      | HP: 1/45 [Robin/+0 club (3)]
  2895 | D:4      | Slain by Robin

Levels and vault maps discovered:
D:1:      eino_arrival_druids_welcome, layout_rooms,
          hellmonk_ecumenical_altar_inner_sanctum, minmay_misc_feat_alley,
          minmay_misc_feat_cross, ebering_dispersal_statue_hall,
          minmay_pentomino_t4
D:2:      layout_loops_ring, uniq_crazy_yiuf_cottage
D:3:      layout_loops_ring, uniq_terence
D:4:      layout_rooms, minmay_temple_entry_large_hall, uniq_robin
Temple:   mainiacjoe_temple_coin_purse

Skill      XL: |  1  2  3  4 |
---------------+-------------+-----
Ranged Weapons | 3 4 5 |  5.6
Fighting       | 2 3 |  3.0
Armour         | 1 |  1.0
Dodging        | |  2.1
Spellcasting   | |  1.0
Hexes          | |  2.0

Action                     |  1- 3 |  4- 6 || total
---------------------------+-------+-------++-------
   Fire: Sling             |   124 |   118 ||   242
    Use: Scroll            |     3 |     4 ||     7
         Potion            |     1 |     1 ||     2
 Armour: Robe              |    10 |       ||    10
         Leather armour    |     1 |     1 ||     2
         Ring mail         |       |    15 ||    15
  Dodge: Dodged            |    55 |    29 ||    84

Table legend:
 A = Non-vault XP
 B = Vault XP
 C = Vault XP percentage of total XP
 D = Non-vault monster count
 E = Vault monster count
 F = Vault count percentage of total count
                 A         B        C        D         E       F
            +---------+---------+-------+---------+---------+-------
      Total |     223 |      62 |  21.8 |      66 |      15 |  18.5
            +---------+---------+-------+---------+---------+-------
        D:1 |      43 |       6 |  12.2 |      26 |       3 |  10.3
        D:2 |      52 |       0 |   0.0 |      17 |       0 |   0.0
        D:3 |      39 |      36 |  48.0 |      15 |       1 |   6.2
        D:4 |      89 |      20 |  18.3 |       8 |      11 |  57.9
            +---------+---------+-------+---------+---------+-------
